 Dungeon Crawl Stone Soup version 0.28.0-53-g5a82cb258f (webtiles) character file.

Game seed: 15022291201550141968

86 Zeld the Gusty (level 4, 0/24 HPs)
             Began as a Tengu Air Elementalist on June 14, 2022.
             Slain by an orc wizard
             ... wielding a +0 dagger
              (3 damage)
             ... on level 3 of the Dungeon.
             The game lasted 00:02:34 (3243 turns).

Zeld the Gusty (Tengu Air Elementalist)             Turns: 3243, Time: 00:02:34

Health: 0/24       AC:  2    Str:  8    XL:     4   Next: 50%
Magic:  4/9        EV: 12    Int: 17    God:
Gold:   110        SH:  0    Dex: 15    Spells: 3/9 levels left

rFire   . . .      SeeInvis .   (no weapon)
rCold   . . .      Faith    .   (no shield)
rNeg    . . .      Spirit   .   a - +0 robe
rPois   .          Reflect  .   (helmet restricted)
rElec   .          Harm     .   (no cloak)
rCorr   .          Rampage  .   (no gloves)
Will    .....                   (boots unavailable)
Stlth   ++........              (no amulet)
HPRegen 0.08/turn               (no ring)
MPRegen 0.11/turn               (no ring)

@: no status effects
A: beak, talons 3
a: no special abilities


You were on level 3 of the Dungeon.
You visited 1 branch of the dungeon, and saw 3 of its levels.

You collected 110 gold pieces.

Inventory:

Missiles
 d - 37 bolts
 i - 6 poisoned darts
Armour
 a - a +0 robe (worn)
Scrolls
 b - 2 scrolls of identify {unknown}
 c - a scroll of fear {unknown}
 e - a scroll of fog {unknown}
 f - 2 scrolls of magic mapping {unknown}
 g - a scroll of enchant armour {unknown}
 j - a scroll of vulnerability {unknown}
 l - 2 scrolls of teleportation {unknown}
Potions
 h - a potion of flight {unknown}
 k - a potion of cancellation {unknown}


   Skills:
 - Level 2.1 Dodging
 - Level 2.0 Stealth
 * Level 3.1 Spellcasting
 + Level 2.6 Conjurations
 * Level 5.3 Air Magic


You had 3 spell levels left.
You knew the following spells:

 Your Spells              Type           Power      Damage    Failure   Level
a - Shock                 Conj/Air       64%        1d7       3%          1
b - Static Discharge      Conj/Air       16%        N/A       4%          2
c - Swiftness             Air            20%        N/A       6%          3

Your spell library contained the following spells:

 Spells                   Type           Power      Damage    Failure   Level
 Summon Small Mammal      Summ           8%         N/A       17%         1
 Call Canine Familiar     Summ           2%         N/A       45%         3
 Summon Guardian Golem    Hex/Summ       2%         N/A       45%         3
 Airstrike                Air            10%        N/A       19%         4


Dungeon Overview and Level Annotations

Branches:
Dungeon (3/15)

Altars:


Innate Abilities, Weirdness & Mutations

You have a beak for a mouth.
You have claws for feet.


Message History

* * * LOW HITPOINT WARNING * * *
The adder bites you.
* * * LOW HITPOINT WARNING * * *
Casting: Static Discharge (safe; 5% risk of failure)
Confirm with . or Enter, or press ? or * to list all spells.
Aiming: Shock (safe; 3% risk of failure)
Press: ? - help, Shift-Dir - straight line The zap hits the adder.
The adder is almost dead.
The zap hits the kobold but does no damage.
The zap hits the orc.
The orc is heavily wounded.
The zap hits the goblin.
You kill the goblin!
The adder barely misses you.
Casting: Shock (safe; 3% risk of failure)
Confirm with . or Enter, or press ? or * to list all spells.
Aiming: Shock (safe; 3% risk of failure)
Press: ? - help, Shift-Dir - straight line The zap hits the adder.
You kill the adder!
The zap hits the kobold.
You kill the kobold!
The zap hits the orc.
You kill the orc!
Unknown command.
You are confused.
The orc barely misses you.
You bump into the rock wall.
The orc barely misses you.
You bump into the rock wall.
The orc hits you with a +0 dagger.
* * * LOW HITPOINT WARNING * * *
You bump into the rock wall.
Something hits you.
* * * LOW HITPOINT WARNING * * *
The orc hits you with a +0 dagger.
* * * LOW HITPOINT WARNING * * *
You bump into the rock wall.
You feel less confused. The orc closely misses you. Something hits you.
You die...

#.#.####### ####..<..###.# #
..#.......###.##.#.##.#.## #
#.##...........#.#.##.#.# #
.##..###..........##.#.# # #
##...##..##.##...##.#.# #
#####......##......##.#.# ####
....#......#####..###.#.######...
###.#......# #..# #.#.#......#.
#.#.....## #@.# # #.#..##....
#.#.....# #..# #<##.##..#.
#.######## #oo# #..........
#[.......# #..# #.##..#.#..
########.#####..# #####.#####
#.........# #.# .#########....#
.# ...o.....#.###.(# .#
....o...K#)# .## .#


You could see 2 orcs.

Vanquished Creatures
  4 adders
  2 dart slugs
  An orc (D:3)
  4 ball pythons
  3 bats
  3 endoplasms
  A giant cockroach (D:3)
  5 goblins
  A hobgoblin (D:3)
  3 jackals (D:2)
  9 kobolds
  A quokka (D:1)
  3 frilled lizards
  7 rats
47 creatures vanquished.

Notes
Turn   | Place    | Note
-------+----------+-------------------------------------------
     0 | D:1      | Zeld the Tengu Air Elementalist began the quest for the
                  | Orb.
     0 | D:1      | Reached XP level 1. HP: 10/10 MP: 4/4
    55 | D:1      | Found a faded altar of an unknown god.
   143 | D:1      | Reached XP level 2. HP: 15/15 MP: 1/6
   146 | D:1      | Learned a level 2 spell: Static Discharge
  1348 | D:2      | Reached XP level 3. HP: 14/19 MP: 4/7
  1364 | D:2      | Learned a level 3 spell: Swiftness
  1634 | D:2      | Reached skill level 5 in Air Magic
  2098 | D:2      | Reached XP level 4. HP: 18/24 MP: 2/9
  3243 | D:3      | Slain by an orc wizard

Illustrated notes

Levels and vault maps discovered:
D:1:      dpeg_arrival_tiny_a, layout_loops_ring, ebering_ecumenical_altar_rust
D:2:      layout_loops_ring
D:3:      layout_loops_ring, nicolae_overflow_ecumenical_swirl,
          gammafunk_temple_overflow_elements, serial_co_window_serial,
          co_window_paths_a, co_window_paths_a, co_window_of_opportunity_a,
          co_window_paths_b, co_window_paths_a, co_window_broadway_b,
          co_window_broadway_c, co_window_2corner, co_window_2corner,
          co_window_corner_b, co_window_4corner_a, co_window_paths_d,
          glass_columns_a, st_stairs_14, minmay_goblin_outpost

Skill      XL: |  1  2  3  4 |
---------------+-------------+-----
Conjurations   | 2 |  2.6
Air Magic      | 5 |  5.3
Spellcasting   | 3 |  3.1
Dodging        | |  2.1
Stealth        | |  2.0

Action                   |  1- 3 |  4- 6 || total
-------------------------+-------+-------++-------
Melee: Unarmed           |    22 |     8 ||    30
       Peck              |     5 |     3 ||     8
       Kick              |     5 |     3 ||     8
 Cast: Shock             |    18 |     2 ||    20
       Static Discharge  |    24 |     9 ||    33
Armor: Robe              |     5 |     2 ||     7
Dodge: Dodged            |    28 |    10 ||    38
